 Dungeon Crawl Stone Soup version 0.22-a0-458-gb446440 (webtiles) character file.

224417 KristoblXynda the Brawler (level 18, -3/168 HPs)
             Began as a Troll Wizard on June 7, 2018.
             Was the Champion of Ashenzari.
             Slain by a five-headed hydra (9 damage)
             ... on level 4 of the Swamp on June 8, 2018.
             The game lasted 03:02:47 (39526 turns).

KristoblXynda the Brawler (Troll Wizard)           Turns: 39526, Time: 03:02:48

Health: -3/168     AC: 14    Str: 20    XL:     18   Next: 59%
Magic:  30/30      EV: 13    Int: 22    God:    Ashenzari [******]
Gold:   1500       SH:  0    Dex: 12    Spells: 9/35 levels left

rFire    + . .     SeeInvis +     - Unarmed
rCold    + . .     Gourm    +   (no shield)
rNeg     + . .     Faith    .   L - +0 troll leather armour (curse)
rPois    +         Spirit   .   b - +2 hat
rElec    .         Reflect  .   a - +2 cloak {rPois} (curse)
rCorr    +         Harm     .   (gloves unavailable)
MR       +....     Clarity  +   (boots unavailable)
Stlth    ++........             n - amulet of Vitality {Regen+ HP+15} (curse)
HPRegen  1.58/turn              e - ring "Noerghuj" {rCorr rF+ rN+} (curse)
MPRegen  0.22/turn              A - +4 ring of dexterity (curse)

@: about to teleport
A: large, unfitting armour, claws 3, iridescent scales 1, clever 1, cold
resistance 1, fast metabolism 3, frail 1, gourmand, regeneration 1, shaggy fur
1, tough skin 2
}: 1/15 runes: gossamer
a: Curse Item, Scrying, Transfer Knowledge, Renounce Religion


You were on level 4 of the Swamp.
You worshipped Ashenzari.
Ashenzari was exalted by your worship.
You were full.

You visited 8 branches of the dungeon, and saw 34 of its levels.
You visited the Abyss 1 time.
You also visited: Labyrinth, Ossuary, Bailey, Ice Cave and Volcano.

You collected 4150 gold pieces.
You spent 2650 gold pieces at shops.

Inventory:

Hand Weapons
 i - a +4 whip of freezing
Armour
 a - a cursed +2 cloak of poison resistance (worn)
 b - a +2 hat (worn)
 L - a cursed +0 troll leather armour (worn)
Jewellery
 e - the cursed ring "Noerghuj" (left claw) {rCorr rF+ rN+}
   (You bought it in a shop on level 2 of the Orcish Mines)

   [ring of resist corrosion]

   It protects you from fire.
   It protects you from negative energy.
   It has a curse placed upon it.
 n - the cursed amulet of Vitality (around neck) {Regen+ HP+15}
   (You bought it in a shop on level 2 of the Orcish Mines)

   [amulet of regeneration]

   It affects your health (+15).
   It increases your rate of regeneration.
   It has a curse placed upon it.
 y - an uncursed ring of wizardry
 A - a cursed +4 ring of dexterity (right claw)
 J - an uncursed ring of protection from magic
Wands
 k - a wand of iceblast (8)
 I - a wand of digging (59)
 P - a wand of disintegration (16)
 U - a wand of paralysis (13)
Scrolls
 g - 9 scrolls of teleportation
 j - 3 scrolls of immolation
 m - a scroll of brand weapon
 t - 7 scrolls of remove curse
 w - 8 scrolls of magic mapping
 x - 2 scrolls of holy word
 z - 4 scrolls of amnesia
 E - 17 scrolls of identify
 G - 6 scrolls of enchant weapon
 H - 4 scrolls of fog
 Q - a scroll of fear
 V - a scroll of blinking
Potions
 c - 6 potions of flight
 f - 2 potions of magic
 h - 4 potions of curing
 l - 7 potions of haste
 o - 5 potions of mutation
 p - 4 potions of brilliance
 q - 6 potions of cancellation
 u - 3 potions of agility
 v - 5 potions of might
 B - 2 potions of resistance
 D - a potion of lignification
 F - a potion of invisibility
 O - a potion of ambrosia
 W - 2 potions of berserk rage
Miscellaneous
 s - a phial of floods
 C - a fan of gales
 K - a lamp of fire
 M - a box of beasts
 N - a lightning rod (4/4)
 R - a phantom mirror
 S - a sack of spiders
Comestibles
 d - 25 rations


   Skills:
 + Level 9.3 Fighting
 - Level 3.0 Armour
 - Level 5.0(8.0) Dodging
 - Level 1.0(2.7) Stealth
 + Level 15.3 Unarmed Combat
 + Level 9.1 Spellcasting
 - Level 11.0(15.2) Conjurations
 - Level 3.0(6.8) Hexes
 - Level 6.3(10.8) Summonings
   Level 0.6(2.6) Translocations
 + Level 9.5(13.8) Transmutations
 - Level 1.4(4.3) Air Magic
 - Level 10.0(14.3) Earth Magic
 - Level 7.2(11.7) Evocations


You had 9 spell levels left.
You knew the following spells:

 Your Spells              Type           Power        Failure   Level  Hunger
b - Mephitic Cloud        Conj/Pois/Air  #####...     1%          3    None
c - Summon Lightning Spi  Summ/Air       #####...     3%          4    ##.....
d - Tukima's Dance        Hex            #####...     1%          3    None
e - Statue Form           Tmut/Erth      ######...    3%          6    ######.
f - Petrify               Tmut/Erth      ######..     1%          4    ##.....
g - Deflect Missiles      Chrm/Air       ###.......   99%         6    ######.

Your spell library contained the following spells:

 Spells                   Type           Power        Failure   Level  Hunger
 Magic Dart               Conj           ####         0%          1    None
 Conjure Flame            Conj/Fire      #####...     1%          3    None
 Bolt of Magma            Conj/Fire/Erth ######....   3%          5    ####...
 Slow                     Hex            #####...     1%          2    None
 Confuse                  Hex            #####...     1%          3    None
 Blink                    Tloc           N/A          4%          2    None
 Call Imp                 Summ           ######..     1%          2    None
 Sublimation of Blood     Necr           ##........   9%          2    None
 Iron Shot                Conj/Erth      ######....   2%          6    ######.
 Shock                    Conj/Air       ####         1%          1    None
 Spider Form              Tmut/Pois      #####.....   1%          3    None
 Blade Hands              Tmut           ######....   1%          5    ####...
 Ice Form                 Ice/Tmut       #####...     3%          4    ##.....
 Dragon Form              Tmut           ######....   22%         7    #######
 Flame Tongue             Conj/Fire      #####        1%          1    None
 Passwall                 Tmut/Erth      ######..     1%          2    None
 Ignite Poison            Fire/Tmut/Pois ####....     2%          3    None
 Ensorcelled Hibernation  Hex/Ice        ####..       2%          2    None
 Silence                  Hex/Air        ####......   22%         5    ####...
 Shatter                  Erth           ######....   100%        9    #######
 Corona                   Hex            #####..      1%          1    None
 Alistair's Intoxication  Tmut/Pois      #####...     11%         5    ####...
 Conjure Ball Lightning   Conj/Air       ######....   22%         6    ######.
 Orb of Destruction       Conj           ######....   12%         7    #######
 Tornado                  Air            ####......   100%        9    #######
 Leda's Liquefaction      Hex/Erth       ######....   1%          4    ##.....
 Beastly Appendage        Tmut           ######       1%          1    None
 Dazzling Spray           Conj/Hex       ######       1%          3    None
 Irradiate                Conj/Tmut      ######....   1%          5    ####...


Dungeon Overview and Level Annotations

Branches:
Dungeon (15/15)            Temple (1/1) D:5            Lair (6/6) D:8
  Swamp (4/4) Lair:2       Spider (4/4) Lair:3        Slime (0/5) Lair:6
    Orc (2/2) D:12            Elf (1/3) Orc:2        Vaults (0/5) D:14
 Depths (1/5) D:15

Altars:
Ashenzari
Cheibriados
Dithmenos
Elyvilon
Fedhas
Gozag
Hepliaklqana
Kikubaaqudgha
Makhleb
Nemelex Xobeh
Okawaru
Qazlal
Ru
Sif Muna
Trog
Uskayaw
Vehumet
Wu Jian
Xom
Yredelemnul
Zin
The Shining One
Beogh

Shops:
D:8 =   D:9 =   D:13 [!   D:14 :   Orc:2 =(*=

Annotations:
D:12 Harold


Innate Abilities, Weirdness & Mutations

You are too large for most types of armour.
You have claws for hands.
Your metabolism is lightning-fast.
You like to eat raw meat.
Your natural rate of healing is unusually fast.
You are covered in fur. (AC +1)
You have very tough skin. (AC +2)
You are partially covered in iridescent scales. (AC +2)
Your mind is acute. (Int +2)
Your flesh is cold resistant. (rC+)
You are frail. (-10% HP)


Message History

The swamp dragon barely misses you.
The swamp dragon claws you but does no damage.
The swamp dragon misses you.
As you read the scroll of teleportation, it crumbles to dust.
You feel strangely unstable.
You revert to your normal fleshy form.
Your cursed +0 troll leather armour unmelds from your body.
The five-headed hydra bites you.
* * * LOW HITPOINT WARNING * * *
The five-headed hydra bites you but does no damage.
The five-headed hydra closely misses you.
The five-headed hydra bites you!
* * * LOW HITPOINT WARNING * * *
The five-headed hydra barely misses you.
The swamp dragon bites you!
* * * LOW HITPOINT WARNING * * *
The swamp dragon closely misses you.
The swamp dragon tramples you but does no damage.
The five-headed hydra bites you!
You die...

#≈# #≈≈≈#.♣♣≈.♣♣ ≈≈# * ≈
≈≈≈≈ ♣≈≈.♣ ≈≈≈≈ **♣≈≈♣
♣.≈.♣ ...≈ ≈ ♣≈≈≈
♣♣.≈♣♣♣♣♣ ≈≈# ≈ *
♣♣≈#≈♣♣♣...≈.≈♣♣♣♣♣♣♣ ≈
*≈≈.≈.#.§≈.≈≈§≈≈...≈♣♣ {*
* ≈ #.≈≈≈≈≈≈.§≈≈.≈.≈≈.≈♣
{≈
#♣♣*♣.≈≈≈≈§≈♣♣..♣♣≈....♣
.≈≈***
≈.♣♣♣≈≈≈D@≈♣♣♣≈≈♣♣♣♣..♣♣♣♣
#≈#* **≈.♣♣♣≈≈DD♣♣ ♣♣♣♣
♣♣..§♣♣ ≈≈≈§#
*###.♣♣♣†§D≈♣ ♣♣..≈.≈
#≈##§.##...≈♣...♣♣♣
♣♣≈....♣ ..§..††.†..†...♣♣
♣.≈.≈≈♣♣ #≈≈.≈≈#.......)♣
♣.†..... ≈≈≈≈≈*###≈♣♣.≈.♣
♣♣.≈≈≈.. ≈≈##* *≈.♣♣≈...♣
* ♣♣*♣♣♣≈≈≈≈≈≈ #**
≈.♣♣♣♣♣...♣ * ♣≈♣♣≈.≈≈≈≈≈≈


You could see a five-headed hydra and 3 swamp dragons.

Vanquished Creatures
  Arachne (Spider:2)
  Asterion (Spider:1)
  Kirke (Spider:4)
  A thorn hunter (Swamp:2)
  4 ghost moths (Spider:4)
  A fire giant (D:15)
  Louise (D:15)
  A frost giant (IceCv)
  7 emperor scorpions
  A stone giant (Orc:2)
  4 entropy weavers
  Nessos (D:12)
  A spark wasp (Spider:4)
  A minotaur (Lab)
  Josephine (Lair:6)
  26 hydras
  8 vault guards (D:14)
  2 ghost crabs (Swamp:4)
  A catoblepas (Lair:6)
  2 centaur warriors
  4 death knights
  3 two-headed ogres
  16 alligators
  3 tengu warriors
  3 death yaks
  8 skeletal warriors
  2 spriggan druids
  A large abomination (Abyss:3)
  2 unseen horrors
  A shambling mangrove (Swamp:4)
  2 swamp dragons
  An anaconda skeleton (Volcano)
  9 orc knights
  A harpy (shapeshifter) (D:13)
  A phantasmal warrior (D:14)
  A wolf spider zombie (D:14)
  23 orb spiders
  5 deep elf magi (Elf:1)
  18 ugly things
  An orc sorcerer (Orc:2)
  25 wolf spiders
  2 moths of wrath (Spider:2)
  A worldbinder (Abyss:3)
  3 cyclopes
  7 elephants (Lair:6)
  6 black mambas
  3 torpor snails
  An ice statue (IceCv)
  An eye of devastation (Lair:6)
  6 gargoyles
  2 kobold demonologists
  26 spiny frogs
  8 komodo dragons
  18 demonic crawlers
  A freezing wraith (D:14)
  A harpy zombie (D:14)
  A tengu conjurer (D:15)
  42 jumping spiders
  12 polar bears
  7 trolls
  4 raiju (Abyss:3)
  9 tyrant leeches
  18 blink frogs
  20 hornets
  Grinder (D:3)
  11 slime creatures
  7 bog bodies
  8 hippogriffs
  Sigmund (D:4)
  78 redbacks
  3 flying skulls (Volcano)
  3 alligator skeletons (Volcano)
  8 spriggans
  A ynoxinul (Abyss:3)
  27 tarantellas
  9 wraiths
  2 water elementals (D:13)
  2 vampires (D:12)
  3 wyverns
  36 yaks
  6 hogs (Spider:4)
  6 basilisks
  A neqoxec (Abyss:3)
  2 steam dragons
  22 vampire mosquitoes
  3 hungry ghosts
  Edmund (D:4)
  19 swamp worms
  8 wargs
  20 insubstantial wisps
  A soldier ant (D:14)
  20 water moccasins
  9 swamp drakes
  10 ice beasts
  10 porcupines
  2 eyes of draining
  43 orc warriors
  3 sky beasts
  A hornet zombie (D:8)
  A black bear (Lair:3)
  15 ogres
  2 phantoms
  26 wolves
  13 centaurs
  11 crocodiles
  2 big kobolds
  32 bullfrogs
  A small abomination (Abyss:3)
  A wyvern skeleton (D:10)
  5 scorpions
  5 wights (D:7)
  9 killer bees
  12 electric eels
  4 troll skeletons (Volcano)
  2 howler monkeys
  5 crimson imps
  A bullfrog zombie (D:12)
  3 centaur zombies
  A lava snake (Lair:5)
  3 quasits
  13 orc priests
  5 hounds
  2 jellies
  21 orc wizards
  2 bullfrog skeletons
  2 centaur skeletons
  An iguana (D:6)
  Ijyb (D:3)
  Natasha (thrice) (D:2)
  4 hell rats (Lair:4)
  9 worker ants
  3 naga skeletons (Volcano)
  A hound skeleton (D:10)
  13 mummies (Ossuary)
  2 worker ant zombies
  Robin (D:2)
  3 gnolls (Bailey)
  13 adders
  A shadow imp (D:14)
  An adder zombie (D:8)
  2 oozes
  3 adder skeletons
  3 dart slugs
  4 leopard geckos
  91 orcs
  7 bats
  7 giant cockroaches
  15 hobgoblins
  4 jackals
  3 quokkas
  3 ball pythons
  5 frilled lizards
  2 gnoll skeletons (Ossuary)
  20 goblins
  A goblin skeleton (Ossuary)
  A jackal skeleton (D:5)
  23 kobolds
  3 kobold skeletons (Ossuary)
  A leopard gecko skeleton (D:4)
  2 orc skeletons (Ossuary)
  8 rats
  11 rat skeletons (Ossuary)
  2 fungi
1258 creatures vanquished.

Vanquished Creatures (collateral kills)
  the Lernaean hydra (Swamp:4)
  The ghost of Ratty the Crack Shot, an adept CeMo of Trog (Swamp:4)
  Roxanne (Spider:3)
  The ghost of Zorot the Martial Artist, a journeyman OpGl of Cheibriados (Lair:6)
  A hydra (D:15)
  A catoblepas (Lair:6)
  A wolf spider (Spider:3)
  3 elephants (Lair:6)
  A gargoyle (Volcano)
  A komodo dragon (Lair:6)
  A blink frog (Lair:6)
  3 redbacks
  A centaur (D:15)
  A bullfrog (Lair:6)
  An orc wizard (Orc:2)
  An orc (Orc:2)
20 creatures vanquished.

Vanquished Creatures (others)
  A gargoyle (Volcano)
  7 dancing weapons
  An orc priest (D:13)
  2 briar patches (Swamp:2)
  8 fungi
  63 plants
82 creatures vanquished.

Grand Total: 1360 creatures vanquished

Notes
Turn   | Place    | Note
-------+----------+-------------------------------------------
     0 | D:1      | KristoblXynda the Troll Wizard began the quest for the Orb.
     0 | D:1      | Reached XP level 1. HP: 16/16 MP: 2/2
    99 | D:1      | Reached XP level 2. HP: 21/24 MP: 4/4
   319 | D:1      | Reached skill level 1 in Unarmed Combat
   319 | D:1      | Reached XP level 3. HP: 30/31 MP: 5/5
   562 | D:2      | Noticed Robin
   569 | D:2      | Reached skill level 1 in Conjurations
   610 | D:2      | Killed Robin
   747 | D:2      | Noticed Natasha
   754 | D:2      | Killed Natasha
   754 | D:2      | Reached skill level 2 in Unarmed Combat
   754 | D:2      | Reached XP level 4. HP: 38/39 MP: 6/6
  1031 | D:2      | Noticed Natasha
  1042 | D:2      | Killed Natasha
  1171 | D:2      | Noticed Natasha
  1178 | D:2      | Killed Natasha
  1178 | D:2      | Reached XP level 5. HP: 30/45 MP: 7/7
  1550 | D:3      | Noticed Ijyb
  1568 | D:3      | Killed Ijyb
  1568 | D:3      | Reached skill level 3 in Unarmed Combat
  1639 | D:3      | Noticed Grinder
  1671 | D:3      | Paralysed by Grinder for 3 turns
  1711 | D:3      | Killed Grinder
  1711 | D:3      | Reached skill level 4 in Unarmed Combat
  1711 | D:3      | Reached XP level 6. HP: 51/53 MP: 8/8
  2344 | D:4      | Noticed Edmund
  2359 | D:4      | HP: 1/53 [Edmund/dire flail of crushing (2)]
  2373 | D:4      | HP: 2/53 [Edmund/dire flail of crushing (2)]
  2478 | D:4      | Learned a level 3 spell: Mephitic Cloud
  2659 | D:4      | Reached XP level 7. HP: 17/59 MP: 2/9
  2702 | D:4      | Killed Edmund
  2702 | D:4      | Reached skill level 5 in Unarmed Combat
  3046 | D:4      | Noticed Sigmund
  3065 | D:4      | Killed Sigmund
  3164 | D:5      | Entered Level 5 of the Dungeon
  3169 | D:5      | Reached skill level 6 in Unarmed Combat
  3421 | D:5      | Reached XP level 8. HP: 62/67 MP: 10/10
  3439 | D:5      | Found a sand-covered staircase.
  3447 | Ossuary  | Entered an ossuary
  3915 | Ossuary  | Reached skill level 5 in Conjurations
  3947 | D:5      | Found a staircase to the Ecumenical Temple.
  3956 | Temple   | Entered the Ecumenical Temple
  3990 | Temple   | Became a worshipper of Ashenzari the Shackled
  4474 | D:5      | Reached skill level 7 in Unarmed Combat
  4821 | D:6      | Found a sparkling altar of Nemelex Xobeh.
  4922 | D:6      | Gained mutation: You are partially covered in yellow scales. (AC +2) [potion of mutation]
  4923 | D:6      | Lost mutation: You are partially covered in yellow scales. (AC +2) [potion of mutation]
  4923 | D:6      | Gained mutation: You are partially covered in iridescent scales. (AC +2) [potion of mutation]
  4923 | D:6      | Gained mutation: Your flesh is cold resistant. (rC+) [potion of mutation]
  4923 | D:6      | Gained mutation: Your mind is acute. (Int +2) [potion of mutation]
  5285 | D:7      | Reached * piety under Ashenzari
  5378 | D:7      | Reached skill level 8 in Unarmed Combat
  5381 | D:7      | Reached XP level 9. HP: 71/74 MP: 9/11
  5426 | D:7      | Found a flagged portal.
  5433 | Bailey   | Entered a bailey
  5910 | Bailey   | Learned a level 2 spell: Blink
  6159 | D:7      | Found a burning altar of Makhleb.
  6249 | D:7      | Reached skill level 9 in Unarmed Combat
  7038 | D:8      | Found a sparkling altar of Nemelex Xobeh.
  7098 | D:8      | Found Vatest's Jewellery Shoppe.
  7139 | D:8      | Bought a +4 ring of dexterity for 351 gold pieces
  7158 | D:8      | Found a stormy altar of Qazlal.
  7376 | D:8      | Noticed a two-headed ogre
  7650 | D:8      | Bought an uncursed ring of poison resistance for 260 gold pieces
  7795 | D:8      | Reached skill level 10 in Unarmed Combat
  7798 | D:8      | Noticed a komodo dragon
  7818 | D:8      | Killed a komodo dragon
  7818 | D:8      | Reached XP level 10. HP: 51/81 MP: 3/12
  7962 | D:8      | Reached skill level 1 in Fighting
  7987 | D:8      | Found a staircase to the Lair.
  8142 | D:8      | Killed a two-headed ogre
  8295 | D:9      | Reached ** piety under Ashenzari
  8296 | D:9      | Found Nukegaq's Jewellery Emporium.
  8814 | D:10     | Entered Level 10 of the Dungeon
  8919 | D:10     | Learned a level 3 spell: Tukima's Dance
  9650 | D:11     | Found a frozen archway.
  9681 | D:10     | Reached skill level 1 in Evocations
  9714 | IceCv    | Entered an ice cave
  9727 | IceCv    | Reached XP level 11. HP: 60/97 MP: 7/13
  9742 | IceCv    | Reached skill level 11 in Unarmed Combat
 10781 | IceCv    | Noticed a frost giant
 10807 | IceCv    | Killed a frost giant
 10810 | IceCv    | Reached skill level 5 in Fighting
 11362 | D:11     | Noticed a seven-headed hydra
 11367 | D:11     | Killed a seven-headed hydra
 11408 | D:11     | Killed an unseen horror
 11455 | D:11     | Noticed a two-headed ogre
 11472 | D:11     | Killed a two-headed ogre
 11472 | D:11     | Reached XP level 12. HP: 38/111 MP: 8/14
 11775 | D:11     | Reached skill level 12 in Unarmed Combat
 12322 | D:12     | Reached skill level 10 in Conjurations
 12443 | D:12     | Reached *** piety under Ashenzari
 12461 | D:12     | Identified a scroll of acquirement
 12890 | D:12     | Noticed a death knight
 12892 | D:12     | Found the +11 mace of Variability {chaos}
 12899 | D:12     | Killed a death knight
 12909 | D:12     | Noticed a death knight
 12929 | D:12     | Killed a death knight
 13353 | Lair:1   | Entered Level 1 of the Lair of Beasts
 13415 | Lair:1   | Noticed a death yak
 13509 | Lair:1   | Learned a level 4 spell: Summon Lightning Spire
 13621 | Lair:1   | Reached skill level 5 in Evocations
 13849 | Lair:1   | Killed a death yak
 14216 | Lair:2   | Found a labyrinth entrance.
 14224 | Lab      | Entered a labyrinth
 14262 | Lab      | Reached **** piety under Ashenzari
 14363 | Lab      | Noticed a minotaur
 14374 | Lab      | Killed a minotaur
 14374 | Lab      | Identified the amulet "Ovariq" {Faith -Tele rElec rN+ Int+2 Dex+2} (You took it off a minotaur in a labyrinth)
 14377 | Lab      | Got the lajatang "Azecydag" {freeze, rC+++ Int-4}
 14379 | Lab      | Identified the Tome of Destructive Changing
 14658 | Lair:2   | Reached skill level 5 in Dodging
 15005 | Lair:2   | Found a staircase to the Swamp.
 15282 | Lair:3   | Reached skill level 1 in Armour
 15291 | Lair:3   | Reached XP level 13. HP: 114/118 MP: 16/16
 15297 | Lair:3   | Found a dark tunnel.
 15331 | Volcano  | Entered a volcano
 15619 | Volcano  | Reached skill level 13 in Unarmed Combat
 16103 | Lair:3   | Reached skill level 1 in Hexes
 16291 | Lair:3   | Found a hole to the Spider Nest.
 17419 | Lair:4   | Reached ***** piety under Ashenzari
 17982 | Lair:5   | Reached skill level 1 in Summonings
 18213 | Lair:5   | Identified the Almanac of Transmigration
 19295 | Lair:6   | Entered Level 6 of the Lair of Beasts
 19314 | Lair:6   | Learned a level 6 spell: Statue Form
 19341 | Lair:6   | Reached XP level 14. HP: 113/127 MP: 19/19
 19535 | Lair:6   | Found a staircase to the Slime Pits.
 19556 | Lair:6   | Reached skill level 1 in Transmutations
 19696 | Lair:6   | HP: 6/127 [ten-headed hydra (4)]
 20278 | Lair:6   | Noticed Zorot's ghost (journeyman OpGl)
 20600 | Lair:6   | Reached skill level 14 in Unarmed Combat
 20688 | Lair:6   | Killed Zorot's ghost
 20995 | Lair:6   | Reached skill level 5 in Spellcasting
 21297 | Lair:6   | Noticed Josephine
 21412 | Lair:6   | Killed Josephine
 21429 | Lair:6   | Identified the Handbook of Gliding Clay
 22036 | D:12     | Found a staircase to the Orcish Mines.
 22040 | Orc:1    | Entered Level 1 of the Orcish Mines
 22611 | Orc:2    | Entered Level 2 of the Orcish Mines
 22649 | Orc:2    | Found a staircase to the Elven Halls.
 22649 | Orc:2    | Noticed a stone giant
 22658 | Orc:2    | Killed a stone giant
 23856 | Orc:2    | Found Erexkuokh's Jewellery Boutique.
 23856 | Orc:2    | Found Liloemi's General Store.
 23880 | Orc:2    | Reached XP level 15. HP: 103/133 MP: 22/22
 23887 | Orc:2    | Bought the ring "Noerghuj" {rCorr rF+ rN+} for 611 gold pieces
 23904 | Orc:2    | Bought a potion of heal wounds for 60 gold pieces
 23934 | Orc:2    | Reached skill level 1 in Earth Magic
 24367 | Orc:2    | Paralysed by an orc sorcerer for 5 turns
 24450 | Orc:2    | Found a roughly hewn altar of Beogh.
 24459 | Orc:2    | Found Ezasashra's Weapon Boutique.
 24459 | Orc:2    | Found Kuonn's Jewellery Shoppe.
 24473 | Orc:2    | Bought the amulet of Vitality {Regen+ HP+15} for 1264 gold pieces
 24473 | Orc:2    | Found the amulet of Vitality {Regen+ HP+15}
 24660 | Elf:1    | Entered Level 1 of the Elven Halls
 25003 | D:12     | Noticed Harold
 25132 | D:12     | Noticed Nessos
 25145 | D:12     | Killed Nessos
 25669 | D:13     | Found Axkujoy's Distillery.
 26458 | D:13     | Reached skill level 5 in Summonings
 26912 | D:13     | Found Naduawk's Antique Armour Emporium.
 27078 | D:14     | Found Ifobbuim's Book Shop.
 27539 | D:14     | Reached skill level 15 in Unarmed Combat
 27638 | D:14     | Found a gate to the Vaults.
 27713 | D:14     | Reached skill level 5 in Transmutations
 28197 | D:15     | Entered Level 15 of the Dungeon
 28383 | D:15     | Noticed Louise
 28404 | D:15     | Cast into level 3 of the Abyss (Louise)
 28495 | Abyss:3  | Gained mutation: You are frail. (-10% HP) [a neqoxec]
 28541 | D:15     | Escaped the Abyss
 28555 | D:15     | Killed Louise
 28912 | D:15     | Learned a level 4 spell: Petrify
 29013 | D:15     | Noticed a fire giant
 29108 | D:15     | Found a staircase to the Depths.
 29128 | D:15     | Killed a fire giant
 29180 | D:14     | Reached XP level 16. HP: 40/126 MP: 24/24
 29536 | D:15     | Reached skill level 5 in Earth Magic
 29553 | D:15     | HP: 6/141 [white ugly thing (17)]
 30200 | Depths:1 | Entered Level 1 of the Depths
 30282 | D:13     | Bought a potion of curing for 39 gold pieces
 30282 | D:13     | Bought a potion of heal wounds for 65 gold pieces
 30514 | Spider:1 | Entered Level 1 of the Spider Nest
 31090 | Spider:1 | Reached skill level 1 in Air Magic
 31198 | Spider:1 | Reached ****** piety under Ashenzari
 31237 | Spider:1 | Noticed Asterion
 31251 | Spider:1 | Killed Asterion
 32922 | Spider:2 | Noticed Arachne
 32950 | Spider:2 | Killed Arachne
 34097 | Spider:3 | Noticed Roxanne
 34139 | Spider:3 | Reached XP level 17. HP: 129/137 MP: 21/27
 34508 | Spider:4 | Entered Level 4 of the Spider Nest
 35224 | Spider:4 | Got a gossamer rune of Zot
 35559 | Spider:4 | Noticed Kirke
 35632 | Lair:3   | Upgraded the game from 0.22-a0-456-g11ed031 to 0.22-a0-458-gb446440
 35778 | Spider:3 | Killed Roxanne
 36267 | Spider:4 | Killed Kirke
 36535 | Swamp:1  | Entered Level 1 of the Swamp
 37666 | Swamp:2  | Reached XP level 18. HP: 152/152 MP: 25/29
 38152 | Swamp:2  | Learned a level 6 spell: Deflect Missiles
 39023 | Swamp:4  | Entered Level 4 of the Swamp
 39065 | Swamp:4  | Noticed the 27-headed Lernaean hydra
 39065 | Swamp:4  | Noticed Ratty's ghost (adept CeMo)
 39231 | Swamp:4  | Reached skill level 10 in Earth Magic
 39493 | Swamp:4  | Killed the 27-headed Lernaean hydra
 39510 | Swamp:4  | Killed Ratty's ghost
 39526 | Swamp:4  | HP: 6/168 [swamp dragon (12)]
 39526 | Swamp:4  | Slain by a five-headed hydra

Vault maps used:
D:1:      lightli_arrival_statue_moat, minmay_surrounded
D:2:      uniq_natasha, uniq_robin
D:3:      first_ration, uniq_ijyb, uniq_grinder
D:4:      sigmund_edmund_badplayer
D:5:      minmay_temple_entry_overgrown, chequers_ossuary_entry_cave
D:6:      minmay_misc_feat_more_columns, nemelex_altar_shiori
D:7:      bloody_makhleb, enter_bailey_2
D:8:      erik_lair_dragon, serial_shops, shop, hangedman_feature_mirror
D:9:      serial_shops, shop
D:11:     portal_ice_cave_entry_ice_beasts
D:12:     cheibrodos_tormentor_scu, uniq_harold, uniq_nessos
D:13:     serial_shops, nicolae_shop_crystal, shop
D:14:     erik_vaults_2, minmay_crystal_water, serial_shops, shop_fountains
D:15:     grunt_enter_depths_giant_problem, minmay_door_square, uniq_louise
Temple:   nicolae_temple_the_god_donut
Lair:1:   beast_lair_carwin_6, grunt_megastairs_2
Lair:2:   swamp_mist_pool, lab_entry_generic, grunt_megastairs_1
Lair:3:   spider_nest_entry_webs, nicolae_volcano_entry_hallway,
          infiniplex_staircase_pool_2, lemuel_fruit_fields
Lair:4:   wad_woods_tower, nicolae_quartered_pool_super
Lair:5:   beast_lair_carwin_large_1, grunt_megastairs_4
Lair:6:   minmay_lair_end_frog_pond, minmay_slime_entry_eyes, uniq_josephine
Swamp:1:  hangedman_swamp_ruin_hall, swamp_pool1
Swamp:2:  hangedman_swamp_cone, swamp_pool1
Swamp:3:  evilmike_swamp_ruin_house_5
Swamp:4:  swamp_old_school, swamp_pool1
Spider:1: einodemon_crawler_minivault, uniq_asterion
Spider:2: uniq_arachne
Spider:3: spiders_nest_spider_trap, uniq_roxanne
Spider:4: johnstein_spider_rune_arachne_lair, spider_trap, uniq_kirke
Orc:2:    st_orc_town
Elf:1:    eino_elf_arrival_customs, serial_shops, nicolae_shop_statue_plus,
          minmay_elf_annihilation
Depths:1: minmay_guarded_unrand_majin_bo, hangedman_decor_lopped,
          hangedman_coc_ice_floe, minmay_protected_statue
Abyss:3:  hangedman_abyss_or_decor_jellyfish_corner,
          doesnt_abyss_rune_brain_food
Lab:      labyrinth_mini_lab, nicolae_lab_statue, nicolae_lab_big_swirl,
          nicolae_lab_blocks, labyrinth_lava_lair, nicolae_lab_plus,
          nicolae_lab_garden
Ossuary:  ossuary_due_small_catacomb
Bailey:   bailey_axe_1, bailey
IceCv:    ice_cave_small_giant
Volcano:  volcano_tomb

Skill      XL: |  1  2  3  4  5  6  7  8  9 10 11 12 13 14 15 16 17 18 |
---------------+-------------------------------------------------------+-----
Unarmed Combat | 1 2 4 6 8 10 11 12 13 14 15 | 15.3
Conjurations   | 1 2 3 4 6 7 9 10 11 | 11.0
Fighting       | 3 5 6 8 9 |  9.3
Evocations     | 1 3 5 6 7 |  7.2
Dodging        | 2 5 |  5.0
Armour         | 1 3 |  3.0
Spellcasting   | 4 5 6 7 8 9 |  9.1
Hexes          | 3 |  3.0
Summonings     | 1 4 6 |  6.3
Transmutations | 3 5 7 8 9 |  9.5
Earth Magic    | 4 7 9 10 | 10.0
Air Magic      | 1 |  1.4
Stealth        | |  1.0
Translocations | |  0.6

Action                   |  1- 3 |  4- 6 |  7- 9 | 10-12 | 13-15 | 16-18 || total
-------------------------+-------+-------+-------+-------+-------+-------++-------
Melee: Unarmed           |   138 |   146 |   504 |   656 |  1996 |  1332 ||  4772
       Punch             |       |     1 |    11 |    37 |   144 |    79 ||   272
Throw: Tomahawk          |       |       |     7 |       |       |       ||     7
 Cast: Magic Dart        |       |    14 |       |    10 |    52 |       ||    76
       Mephitic Cloud    |       |     2 |    18 |    40 |    33 |    56 ||   149
       Blink             |       |       |     5 |       |       |       ||     5
       Tukima's Dance    |       |       |       |     2 |    84 |     4 ||    90
       Petrify           |       |       |       |       |       |    17 ||    17
       Statue Form       |       |       |       |       |       |    42 ||    42
       Summon Lightning  |       |       |       |       |       |     1 ||     1
Invok: Curse Item        |       |       |     2 |     1 |     2 |       ||     5
Evoke: Wand              |       |       |       |    13 |    36 |    18 ||    67
       Phial of floods   |       |       |       |       |     4 |     1 ||     5
       Box of beasts     |       |       |       |       |     2 |     1 ||     3
       Fan of gales      |       |       |       |       |     1 |     3 ||     4
       Lamp of fire      |       |       |       |       |       |     1 ||     1
  Use: Scroll            |       |     8 |    15 |    14 |     7 |    13 ||    57
       Potion            |       |     3 |     3 |     3 |     6 |     7 ||    22
 Stab: Sleeping          |       |     1 |     1 |     3 |     4 |     5 ||    14
       Confused          |       |     1 |     2 |    21 |    14 |    22 ||    60
       Paralysed         |       |       |       |     9 |    17 |    12 ||    38
       Distracted        |       |       |       |       |     4 |     3 ||     7
       Petrified         |       |       |       |       |       |    32 ||    32
       Petrifying        |       |       |       |       |       |     5 ||     5
  Eat: Chunk             |    13 |    17 |    48 |    74 |   132 |    93 ||   377
       Ration            |       |       |       |     3 |       |     9 ||    12
Armor: Robe              |    53 |    33 |   132 |   167 |       |       ||   385
       Skin              |       |       |       |    11 |       |  1308 ||  1319
       Troll leather arm |       |       |       |    55 |   512 |   304 ||   871
Dodge: Dodged            |    88 |    60 |   228 |   299 |   998 |  1604 ||  3277

Table legend:
 A = Spawn XP
 B = Non-spawn XP
 C = Spawn XP percentage of total XP
 D = Spawn monster count
 E = Non-spawn monster count
 F = Spawn count percentage of total count
 G = Total turns spent on level
                    A         B        C        D         E        F      G
               +---------+---------+-------+---------+---------+-------+---------
         Total |    1856 |  339188 |   0.5 |       7 |    1270 |   0.5 | 39526
               +---------+---------+-------+---------+---------+-------+---------
           D:1 |       0 |      50 |   0.0 |       0 |      28 |   0.0 |   542
           D:2 |       0 |     177 |   0.0 |       0 |      29 |   0.0 |   849
           D:3 |       0 |     406 |   0.0 |       0 |      12 |   0.0 |   909
           D:4 |       0 |     584 |   0.0 |       0 |      15 |   0.0 |   864
           D:5 |       0 |     611 |   0.0 |       0 |      24 |   0.0 |   866
           D:6 |       0 |     162 |   0.0 |       0 |       9 |   0.0 |   455
           D:7 |       0 |    1159 |   0.0 |       0 |      24 |   0.0 |   888
           D:8 |       0 |    3666 |   0.0 |       0 |      35 |   0.0 |  1628
           D:9 |       0 |     688 |   0.0 |       0 |      15 |   0.0 |   687
          D:10 |       0 |    2356 |   0.0 |       0 |      23 |   0.0 |   958
          D:11 |       0 |    5422 |   0.0 |       0 |      21 |   0.0 |  1183
          D:12 |       0 |    6109 |   0.0 |       0 |      22 |   0.0 |  1293
          D:13 |       0 |   11322 |   0.0 |       0 |      52 |   0.0 |  1914
          D:14 |       0 |   22001 |   0.0 |       0 |      53 |   0.0 |  1559
          D:15 |       0 |   13930 |   0.0 |       0 |      40 |   0.0 |  1541
        Lair:1 |       0 |    4792 |   0.0 |       0 |      19 |   0.0 |   925
        Lair:2 |       0 |    3386 |   0.0 |       0 |      16 |   0.0 |   955
        Lair:3 |       0 |    4225 |   0.0 |       0 |      17 |   0.0 |   837
        Lair:4 |       0 |    8881 |   0.0 |       0 |      33 |   0.0 |  1132
        Lair:5 |       0 |    9490 |   0.0 |       0 |      35 |   0.0 |  1640
        Lair:6 |       0 |   25695 |   0.0 |       0 |      84 |   0.0 |  2168
       Swamp:1 |       0 |   17882 |   0.0 |       0 |      45 |   0.0 |  1102
       Swamp:2 |       0 |   18217 |   0.0 |       0 |      41 |   0.0 |   949
       Swamp:3 |       0 |   10914 |   0.0 |       0 |      23 |   0.0 |   437
       Swamp:4 |       0 |   25400 |   0.0 |       0 |      40 |   0.0 |   503
      Spider:1 |       0 |   17362 |   0.0 |       0 |      47 |   0.0 |  1503
      Spider:2 |       0 |   23730 |   0.0 |       0 |      49 |   0.0 |  1929
      Spider:3 |       0 |   20729 |   0.0 |       0 |      61 |   0.0 |   992
      Spider:4 |       0 |   45815 |   0.0 |       0 |      96 |   0.0 |  1552
         Orc:1 |       0 |    3720 |   0.0 |       0 |      46 |   0.0 |  1488
         Orc:2 |       0 |   10265 |   0.0 |       0 |      84 |   0.0 |  1175
         Elf:1 |       0 |    2747 |   0.0 |       0 |       5 |   0.0 |    99
       Abyss:3 |    1856 |     941 |  66.4 |       7 |       2 |  77.8 |   137
           Lab |       0 |    1539 |   0.0 |       0 |       4 |   0.0 |   170
       Ossuary |       0 |     252 |   0.0 |       0 |      32 |   0.0 |   490
        Bailey |       0 |     615 |   0.0 |       0 |      32 |   0.0 |   697
         IceCv |       0 |    8403 |   0.0 |       0 |      36 |   0.0 |  1533
       Volcano |       0 |    5545 |   0.0 |       0 |      21 |   0.0 |   721
               +---------+---------+-------+---------+---------+-------+---------
